Description

zvt hydra bane

Build Order

Get SALT Encoding   

  13  0:13  Overlord  
  17  0:53  Hatchery  
  18  1:15  Spawning Pool  
  18  1:25  Extractor  
  19  1:44  Overlord  
  19  2:02  Queen x2  
  23  2:05  Zergling x3  
  30  2:31  Metabolic Boost  remove 2 drones form gas
  32  2:44  Queen  
  34  3:00  Hatchery  
  40  3:45  Zergling x5  
  45  4:10  Roach Warren  
  45  4:30  Hatchery  
  50  4:50  Roach x5, Overlord  scout
  70  6:00  Evolution Chamber x2, Hydralisk Den, Baneling Nest  
Spawning Tool Build Advisor. Get it on Overwolf

Go to:

Details

  • Created by: Bluefire66
  • Published on: Feb 02, 2019
  • Modified on: Feb 02, 2019
  • Patch: 4.7.1
Show
View Real Time Build Order
Export as new Build Order

Comments (2)

On Feb. 6, 2019, 1:17 p.m., Luiskitikazis  said:

Algunos consejos sobre la build porfa :D

On Feb. 6, 2019, 1:16 p.m., Luiskitikazis  said:

Excelente buid, pero podrias dar mas dellates de la buid :D

Create an account to comment!